 Dungeon Crawl Stone Soup version 0.29-a0-925-g0a7a3d12f8 (webtiles) character file.

Game seed: 4986185328116497147

37 zeratav the Stinger (level 3, -1/21 HPs)
             Began as an Octopode Venom Mage on July 29, 2022.
             Succumbed to an adder's poison
             ... on level 2 of the Dungeon.
             The game lasted 00:01:44 (1818 turns).

zeratav the Stinger (Octopode Venom Mage)           Turns: 1818, Time: 00:01:44

Health: -1/21      AC:  1    Str:  7    XL:     3   Next: 39%
Magic:  2/6        EV: 13    Int: 19    God:
Gold:   25         SH:  0    Dex: 12    Spells: 3/6 levels left

rFire   + . .      SeeInvis .   g - +0 dagger {short}
rCold   . . .      Faith    .   (no shield)
rNeg    + . .      Spirit   .   (helmet restricted)
rPois   .          Reflect  .   (no amulet)
rElec   .          Harm     .   e - ring of protection from fire
rCorr   .          Rampage  .   h - ring of positive energy
Will    .....                   i - ring of wizardry
Stlth   +++.......              (no ring)
HPRegen 0.07/turn               (no ring)
MPRegen 0.10/turn               (no ring)
                                (no ring)
                                (no ring)

@: lethally poisoned (-1 -> -15)
A: almost no armour, amphibious, 8 rings, camouflage 1, gelatinous body 1,
(nimble swimmer 1), tentacles
a: no special abilities


You were on level 2 of the Dungeon.
You visited 1 branch of the dungeon, and saw 2 of its levels.

You collected 25 gold pieces.


Innate Abilities, Weirdness & Mutations

You cannot wear most types of armour.
You are amphibious.
You can wear up to eight rings at the same time.
Your skin changes colour to match your surroundings (Stealth+).
Your rubbery body absorbs attacks. (AC +1, EV +1)
((You are camouflaged when in or above water. (Stealth+)))
You have tentacles for arms and can constrict up to eight enemies at once.


   Skills:
 - Level 2.0 Dodging
 + Level 4.2 Stealth
 - Level 2.0 Spellcasting
 - Level 1.0 Transmutations
 + Level 4.5 Poison Magic


You had 3 spell levels left.
You knew the following spells:

 Your Spells              Type           Power      Damage    Failure   Level
a - Sting                 Tmut/Pois      48%        1d5       2%          1
b - Poisonous Vapours     Pois/Air       20%        N/A       4%          2

Your spell library contained the following spells:

 Spells                   Type           Power      Damage    Failure   Level
 Scorch                   Fire           2%         2d5       11%         2
 Mephitic Cloud           Conj/Pois/Air  7%         N/A       11%         3
 Olgreb's Toxic Radiance  Pois           19%        N/A       11%         4
 Flame Wave               Conj/Fire      1%         2d4       52%         4
 Summon Cactus Giant      Summ           0%         N/A       100%        6

Inventory:

Hand Weapons
 g - a +0 dagger (weapon) {short}
   (You found it on level 1 of the Dungeon)
 n - the +5 short sword of Exquisite Death {chaos, rElec rC+, short}
   (You found it on level 2 of the Dungeon)

   Each time it hits an enemy it has a different, random effect.
   rC:        It protects you from cold.
   rElec:     It insulates you from electricity.
Jewellery
 e - a ring of protection from fire (left tentacle)
   (You found it on level 1 of the Dungeon)
 h - a ring of positive energy (right tentacle)
   (You found it on level 1 of the Dungeon)
 i - a ring of wizardry (on tentacle)
   (You found it on level 1 of the Dungeon)
Scrolls
 b - 3 scrolls of identify {unknown}
 j - a scroll of enchant armour {unknown}
 l - a scroll of summoning {unknown}
 o - a scroll of silence {unknown}
Potions
 a - a potion of magic
 c - a potion of heal wounds {unknown}
 d - a potion of might {unknown}
 f - a potion of mutation {unknown}
 k - a potion of curing {unknown}
 m - a potion of cancellation {unknown}

Dungeon Overview and Level Annotations

Branches:
Dungeon (2/15) Zot: 10182

Altars:

Shops:
D:2

[ ###### .....#
.....# .......
.....## ##
.....# ..#
.....# #######
...# ####+#
#.....###....#
.....
#..†..'@S....#
#.#..
#.....########
#.# #.....# #.#
#.....# #.#
###'### #.#
#.....# #.##+#
#.#.#)# #.##.#
#.#.#.#
#.##.#####.#.#.#


You could see an adder (poisoned).


Message History

The giant cockroach completely misses you.
You barely miss the giant cockroach. You constrict the giant cockroach.
You kill the giant cockroach!
No target in view!
No target in view!
No target in view!
n - the +5 short sword of Exquisite Death {chaos, rElec rC+, short} HP[+6]
Your hp is fully restored (21).
Found Quonat's Armour Shoppe.
There is an entrance to Quonat's Armour Shoppe here.
You can access your shopping list by pressing '$'.
You open the door.
A rat comes into view.
There is an open door here.
The helpless rat fails to defend itself.
You puncture the rat!
You kill the rat!
No target in view!
No target in view!
No target in view!
No target in view!
No target in view!
You pick up a book of Scorching and begin reading...
You add the spells Scorch, Flame Wave and Summon Cactus Giant to your library.
o - a scroll labelled SUELAD SEAJIMA You open the door.
An adder comes into view.
There is an open door here.
The adder closely misses you.
You closely miss the adder. Your grab misses the adder. The adder bites you.
HP[-4]
You take 4 damage, and now have 17/21 hp.
You closely miss the adder. Your grab misses the adder. The adder bites you.
You are poisoned.
The adder poisons you!
HP[-1]
You take 1 damage, and now have 16/21 hp.
You hit the adder but do no damage. Your grab misses the adder.
Your squeeze misses the adder.
You feel sick. The adder bites you. The adder barely misses you.
HP[-3]
You take 3 damage, and now have 13/21 hp.
You closely miss the adder. Your grab misses the adder.
Your squeeze misses the adder.
You feel sick. The adder closely misses you.
HP[-1]
You take 1 damage, and now have 12/21 hp.
You closely miss the adder. Your grab misses the adder.
You feel sick. The adder bites you.
* * * LOW HITPOINT WARNING * * *
You are too injured to fight recklessly!
HP[-2]
You take 2 damage, and now have 10/21 hp.
You are too injured to fight recklessly!
You are too injured to fight recklessly!
Casting: Sting (safe; 2% risk of failure)
Confirm with . or Enter, or press ? or * to list all spells.
Aiming: Sting (safe; 2% risk of failure)
Press: ? - help, Shift-Dir - straight line, f - adder
Aim: an adder (53% to hit)
The sting misses the adder.
You feel sick.
You are no longer poisoned.
The adder bites you.
* * * LOW HITPOINT WARNING * * *
HP[-2] MP[-1]
You take 2 damage, and now have 8/21 hp.
You lost 1 mp, and now have 5/6 mp.
Casting: Sting (safe; 2% risk of failure)
Confirm with . or Enter, or press ? or * to list all spells.
Aiming: Sting (safe; 2% risk of failure)
Press: ? - help, Shift-Dir - straight line, f/p - adder
Aim: an adder (53% to hit)
The sting misses the adder.
The adder bites you.
* * * LOW HITPOINT WARNING * * *
You are lethally poisoned!
The adder poisons you! The adder misses you.
HP[-2] MP[-1]
You take 2 damage, and now have 6/21 hp.
You lost 1 mp, and now have 4/6 mp.
Casting: Sting (safe; 2% risk of failure)
Confirm with . or Enter, or press ? or * to list all spells.
Aiming: Sting (safe; 2% risk of failure)
Press: ? - help, Shift-Dir - straight line, f/p - adder
Aim: an adder (53% to hit)
The sting hits the adder.
The adder is poisoned.
* * * LOW HITPOINT WARNING * * *
You feel sick. The adder bites you.
* * * LOW HITPOINT WARNING * * *
You are more poisoned.
The adder poisons you!
HP[-4] MP[-1]
You take 4 damage, and now have 2/21 hp.
You lost 1 mp, and now have 3/6 mp.
Casting: Sting (safe; 2% risk of failure)
Confirm with . or Enter, or press ? or * to list all spells.
Aiming: Sting (safe; 2% risk of failure)
Press: ? - help, Shift-Dir - straight line, f/p - adder
Aim: an adder (moderately wounded, poisoned, 53% to hit)
The sting misses the adder.
You die...

Skill      XL: |  1  2  3 |
---------------+----------+-----
Stealth        | 3 4 |  4.2
Poison Magic   | 4 |  4.5
Dodging        | |  2.0
Spellcasting   | |  2.0
Transmutations | |  1.0

Action                   || total
-------------------------++-------
Melee: Club              ||     6
       Constrict         ||    17
       Unarmed           ||     3
       Dagger            ||    60
       Tentacles         ||     9
 Cast: Sting             ||    20
 Stab: Sleeping          ||     5
Armor: Skin              ||     4
Dodge: Dodged            ||    71

Levels and vault maps discovered:
D:1:      onia_arrival_zoo_common, layout_rooms,
          shapermc_ecumenical_altar_mp_urbaneastern
D:2:      layout_basic, serial_shops, shop, minmay_quantized

Notes
Turn   | Place    | Note
-------+----------+-------------------------------------------
     0 | D:1      | zeratav the Octopode Venom Mage began the quest for the
                  | Orb.
     0 | D:1      | Reached XP level 1. HP: 11/11 MP: 3/3
     0 | D:1      | magus.rc [v1.9.6]
     6 | D:1      | Noticed a salamander
     6 | D:1      | Noticed a snapping turtle
     7 | D:1      | Noticed a wolf
     7 | D:1      | Noticed a wyvern
   350 | D:1      | Reached skill level 3 in Stealth
   564 | D:1      | Reached XP level 2. HP: 17/17 MP: 5/5
   566 | D:1      | Reached skill level 4 in Poison Magic
   816 | D:1      | Learned a level 2 spell: Poisonous Vapours
   961 | D:1      | Found a faded altar of an unknown god.
   979 | D:1      | HP: 4/17 [ball python (1)]
   980 | D:1      | HP: 1/17 [ball python (2)]
   986 | D:1      | Reached XP level 3. HP: 1/21 MP: 0/6
  1323 | D:1      | Reached skill level 4 in Stealth
  1774 | D:2      | Identified the +5 short sword of Exquisite Death {chaos,
                  | rElec rC+}
  1776 | D:2      | Found Quonat's Armour Shoppe.
  1799 | D:2      | You pick up a book of Scorching and begin reading...
  1799 | D:2      | You add the spells Scorch, Flame Wave and Summon Cactus
                  | Giant to your library.
  1817 | D:2      | HP: 4/21 [poisoned by an adder]
  1818 | D:2      | Succumbed to an adder's poison

Vanquished Creatures
  A worm (D:2)
  2 dart slugs
  6 ball pythons (D:1)
  4 bats (D:1)
  2 endoplasms (D:1)
  A giant cockroach (D:2)
  5 goblins
  2 hobgoblins (D:1)
  2 frilled lizards (D:1)
  2 kobolds
  2 rats
29 creatures vanquished.

Vanquished Creatures (others)
  2 fungi (D:1)
  A plant (D:1)
3 creatures vanquished.

Grand Total: 32 creatures vanquished

Table legend:
 A = Non-vault XP
 B = Vault XP
 C = Vault XP percentage of total XP
 D = Non-vault monster count
 E = Vault monster count
 F = Vault count percentage of total count
                 A         B        C        D         E       F
            +---------+---------+-------+---------+---------+-------
      Total |      53 |       0 |   0.0 |      29 |       0 |   0.0
            +---------+---------+-------+---------+---------+-------
        D:1 |      39 |       0 |   0.0 |      23 |       0 |   0.0
        D:2 |      14 |       0 |   0.0 |       6 |       0 |   0.0
            +---------+---------+-------+---------+---------+-------

Illustrated notes

Table legend:
 A = Kills in this place as a percentage of kills in entire the game.
 B = Kills by you in this place as a percentage of kills by you in the entire game.
 C = Kills by friends in this place as a percentage of kills by friends in the entire game.
 D = Other kills in this place as a percentage of other kills in the entire game.
 E = Experience gained in this place as a percentage of experience gained in the entire game.
 F = Experience gained in this place divided by the number of levels of this place that you have seen.
                   A       B       C       D       E      F
               +-------+-------+-------+-------+-------+----------------------
         Total | 100.0 | 100.0 |   N/A |   N/A | 100.0 |  26.5
       Dungeon | 100.0 | 100.0 |   N/A |   N/A | 100.0 |  26.5
               +-------+-------+-------+-------+-------+----------------------

Table legend: (Time is in decaauts)
 A = Elapsed time spent in this place.
 B = Non-inter-level travel time spent in this place.
 C = Inter-level travel time spent in this place.
 D = Time resting spent in this place.
 E = Time spent auto-exploring this place.
 F = Levels seen in this place.
 G = Mean time per level.
                   A        B        C        D        E       F      G
               +--------+--------+--------+--------+--------+-----+--------+
         Total |   1817 |   1778 |     39 |    209 |   1368 |   2 |  908.5 |
       Dungeon |   1817 |   1778 |     39 |    209 |   1368 |   2 |  908.5 |
               +--------+--------+--------+--------+--------+-----+--------+

Top non-repeatable levels by time:
     D:1: 1435 daAuts
     D:2: 381 daAuts
